 Dungeon Crawl Stone Soup version 0.27-a0-1196-g3e9cee4cb2 (webtiles) character file.

Game seed: 6847049290623962769

93 senseless the Grasshopper (level 4, -9/20 HPs)
             Began as a Felid Warper on May 29, 2021.
             Was a Follower of Cheibriados.
             Mangled by a gnoll
             ... wielding a +0 halberd
              (17 damage)
             ... on level 3 of the Dungeon.
             The game lasted 00:14:55 (3490 turns).

senseless the Grasshopper (Felid Warper)            Turns: 3490, Time: 00:14:56

Health: -9/20      AC:  1    Str: 10    XL:     4   Next: 36%
Magic:  9/9        EV: 19    Int: 16    God:    Cheibriados [*.....]
Gold:   108        SH:  0    Dex: 18    Spells: 6/8 levels left
                                        Lives:  0   Deaths: 1

rFire    . . .     SeeInvis +     - Unarmed
rCold    . . .     Faith    .   (shield unavailable)
rNeg     . . .     Spirit   .   (armour unavailable)
rPois    .         Reflect  .   (helmet unavailable)
rElec    .         Harm     .   (cloak unavailable)
rCorr    +         Rampage  .   (gloves unavailable)
Will     .....                  (boots unavailable)
Stlth    ++........             (no amulet)
HPRegen  0.06/turn              e - ring of resist corrosion
MPRegen  0.11/turn              (no ring)

@: slow
A: very small, claws 1, fangs 3, see invisible, speed 1, shaggy fur 1, stealthy
paws, no weapons or thrown items, no armour, multi-lived
a: Renounce Religion, Bend Time


You were on level 3 of the Dungeon.
You worshipped Cheibriados.
Cheibriados was aware of your devotion.
You visited 1 branch of the dungeon, and saw 3 of its levels.

You collected 108 gold pieces.

Inventory:

Jewellery
 d - a ring of ice
 e - a ring of resist corrosion (left paw)
Scrolls
 a - a scroll of fog
 b - a scroll of blinking
 f - a scroll of noise {unknown}
Potions
 c - a potion of berserk rage {unknown}


   Skills:
 + Level 2.9 Fighting
 + Level 4.2 Dodging
 + Level 2.6 Stealth
 + Level 2.8 Unarmed Combat
 + Level 2.6 Spellcasting
 + Level 5.4 Translocations
 + Level 0.2 Invocations


You had 6 spell levels left.
You knew the following spells:

 Your Spells              Type           Power      Damage    Failure   Level
a - Blink                 Tloc           N/A        N/A       3%          2

Your spell library contained the following spells:

 Spells                   Type           Power      Damage    Failure   Level
 Gell's Gravitas          Tloc           9%         N/A       6%          3
 Lesser Beckoning         Tloc           9%         N/A       6%          3
 Teleport Other           Tloc           19%        N/A       6%          3
 Magic Dart               Conj           8%         1d3       21%         1
 Searing Ray              Conj           4%         3d3       30%         2
 Manifold Assault         Tloc           19%        N/A       50%         5
 Dazzling Flash           Conj/Hex       4%         N/A       52%         3
 Iskenderun's Mystic Bla  Conj/Tloc      10%        2d4       54%         4
 Fulminant Prism          Conj/Hex       1%         3d6       89%         4


Dungeon Overview and Level Annotations

Branches:
Dungeon (3/15)

Altars:
Cheibriados


Innate Abilities, Weirdness & Mutations

You have sharp claws.
You have razor-sharp teeth.
You have supernaturally acute eyesight. (SInv)
You cover ground quickly. (Speed+)
You are covered in fur. (AC +1)
Your paws help you pounce on unaware monsters.
You are incapable of wielding weapons or throwing items.
You cannot wear armour.
You gain extra lives every three experience levels.


Message History

You kill the adder!
Cheibriados thoroughly appreciates the change of pace.
A gnoll is nearby!
You start resting.
A gnoll is nearby!
The gnoll shouts!
You open the door.
The gnoll hits you from afar with a +4 halberd!
There is an open door here.
Okay, then.
Casting: Blink (safe; 3% risk of failure)
Confirm with . or Enter, or press ? or * to list all spells.
You blink.
Things that are here:
a +0 club; a +0 hunting sling; 21 stones The gnoll hits you from afar with a +4 halberd!!
Ouch! That really hurt!
You die...
You are now level 4!
You rejoin the land of the living...
Found a scroll labelled QOER HUNLO.
Found a stone staircase leading down.
f - a scroll labelled QOER HUNLO You now have 108 gold pieces (gained 15).
Found a robe.
You open the door.
There is an open door here.
You open the door.
Found a pair of gloves.
There is an open door here.
A gnoll is nearby!
You start waiting.
A gnoll is nearby!
The gnoll shouts!
The gnoll misses you. The gnoll completely misses you.
You scratch the gnoll but do no damage. The gnoll hits you with a +0 halberd!
Ouch! That really hurt!
You barely miss the gnoll. The gnoll hits you with a +0 halberd!
Ouch! That really hurt!
You die...

#.##.##...........#.#
#.#...#...........#.#
#.#...#...........#'#######
#.#...#...##'####.........#
#.....#...... #.........#
... #....... #.......[.#
###.(...###.........#
#............######
......g@.....#
#............#
#............#
###########+##


You could see a gnoll.

Vanquished Creatures
  Crazy Yiuf (D:2)
  Jessica (D:3)
  Natasha (twice) (D:2)
  3 adders
  A worm (D:2)
  A dart slug (D:1)
  6 bats
  6 endoplasms
  A giant cockroach (D:2)
  4 goblins
  2 hobgoblins (D:1)
  2 jackals (D:1)
  2 quokkas (D:3)
  3 ball pythons
  10 kobolds
  2 rats
  A bush (D:1)
48 creatures vanquished.

Notes
Turn   | Place    | Note
-------+----------+-------------------------------------------
     0 | D:1      | senseless the Felid Warper began the quest for the Orb.
     0 | D:1      | Reached XP level 1. HP: 9/9 MP: 4/4
   170 | D:1      | Reached XP level 2. HP: 13/13 MP: 6/6
   175 | D:1      | Learned a level 2 spell: Blink
   280 | D:1      | Reached skill level 1 in Stealth
   542 | D:1      | Found a faded altar of an unknown god.
  1197 | D:2      | Found a snail-covered altar of Cheibriados.
  1201 | D:2      | Became a worshipper of Cheibriados the Contemplative
  1284 | D:2      | Reached XP level 3. HP: 12/16 MP: 7/7
  1635 | D:2      | Noticed Natasha
  1640 | D:2      | Killed Natasha
  1641 | D:2      | Reached skill level 5 in Translocations
  1852 | D:2      | Noticed Natasha
  1860 | D:2      | Killed Natasha
  1861 | D:2      | Reached XP level 4. HP: 2/20 MP: 8/8
  2590 | D:2      | Found a runed translucent door.
  2591 | D:2      | Noticed Crazy Yiuf
  2689 | D:2      | Killed Crazy Yiuf
  2690 | D:2      | Reached XP level 5. HP: 24/24 MP: 9/9
  2860 | D:3      | Reached * piety under Cheibriados
  2979 | D:3      | Noticed Jessica
  2991 | D:3      | Killed Jessica
  3405 | D:3      | Slain by a gnoll
  3406 | D:3      | Reached XP level 4. HP: -3/20 MP: 9/9
  3490 | D:3      | Mangled by a gnoll

Illustrated notes

Levels and vault maps discovered:
D:1:      dpeg_arrival_simpleton_c, layout_rooms, serial_forest,
          infiniplex_forest_lined_3, infiniplex_forest_lined_corner,
          infiniplex_forest_lined_2, infiniplex_forest_clump_medium,
          basic_ecumenical_altar, minmay_cut_off
D:2:      layout_basic, basic_altar, uniq_natasha, uniq_crazy_yiuf_cottage
D:3:      layout_basic, uniq_jessica

Skill      XL: |  1  2  3  4 |
---------------+-------------+-----
Stealth        | 1 2 |  2.6
Translocations | 5 |  5.4
Dodging        | 4 |  4.2
Fighting       | |  2.9
Unarmed Combat | |  2.8
Spellcasting   | |  2.6
Invocations    | |  0.2

Action                   |  1- 3 |  4- 6 || total
-------------------------+-------+-------++-------
Melee: Unarmed           |   289 |    52 ||   341
       Bite              |    39 |     6 ||    45
       Punch             |     4 |     1 ||     5
 Cast: Blink             |       |     3 ||     3
Evoke: Wand              |     2 |     2 ||     4
  Use: Scroll            |     2 |       ||     2
 Stab: Sleeping          |     1 |     2 ||     3
       Distracted        |     1 |       ||     1
Armor: Skin              |     4 |     1 ||     5
Dodge: Dodged            |    60 |    43 ||   103

Table legend: (Time is in decaauts)
 A = Elapsed time spent in this place.
 B = Non-inter-level travel time spent in this place.
 C = Inter-level travel time spent in this place.
 D = Time resting spent in this place.
 E = Time spent auto-exploring this place.
 F = Levels seen in this place.
 G = Mean time per level.
                   A        B        C        D        E       F      G
               +--------+--------+--------+--------+--------+-----+--------+
         Total |   3479 |   3357 |    122 |     77 |   2666 |   3 | 1159.7 |
       Dungeon |   3479 |   3357 |    122 |     77 |   2666 |   3 | 1159.7 |
               +--------+--------+--------+--------+--------+-----+--------+

Top non-repeatable levels by time:
     D:2: 1632 daAuts
     D:1: 1093 daAuts
     D:3: 753 daAuts
